 Dungeon Crawl Stone Soup version 0.27-a0-955-gb57c80000f (webtiles) character file.

Game seed: 9891686103180244661

4825 Glokmah the Cultivator (level 10, -6/79 HPs)
             Began as a Demonspawn Fighter on Apr 12, 2021.
             Was a Believer of Fedhas.
             Mangled by a five-headed hydra (10 damage)
             ... on level 1 of the Lair of Beasts.
             The game lasted 00:24:03 (9726 turns).

Glokmah the Cultivator (Demonspawn Fighter)         Turns: 9726, Time: 00:24:03

Health: -6/79      AC: 11    Str: 18    XL:     10   Next: 25%
Magic:  15/16      EV: 13    Int:  9    God:    Fedhas [**....]
Gold:   414        SH:  0    Dex: 15    Spells: 11/13 levels left

rFire    . . .     SeeInvis +   a - +0 halberd
rCold    . . .     Faith    .   (shield currently unavailable)
rNeg     + . .     Spirit   .   w - +0 steam dragon scales
rPois    .         Reflect  .   j - +0 helmet
rElec    .         Harm     .   (no cloak)
rCorr    .         Rampage  .   (no gloves)
Will     .....                  l - +2 pair of boots
Stlth    +.........             (no amulet)
HPRegen  0.23/turn              v - ring of see invisible
MPRegen  0.15/turn              u - ring of positive energy

@: no status effects
A: talons 1, spiny 3, sharp scales 1, demonic magic 1
a: Renounce Religion, Wall of Briars


You were on level 1 of the Lair of Beasts.
You worshipped Fedhas.
Fedhas was pleased with you.
You visited 3 branches of the dungeon, and saw 10 of its levels.

You collected 414 gold pieces.

Inventory:

Hand Weapons
 a - a +0 halberd (weapon)
Missiles
 o - 24 poisoned darts (quivered)
 r - 14 boomerangs
 x - 4 atropa-tipped darts
 z - 2 throwing nets
 C - 11 javelins
Armour
 b - a +0 scale mail
 j - a +0 helmet (worn)
 l - a +2 pair of boots (worn)
 w - +0 steam dragon scales (worn)
Jewellery
 t - a ring of magical power
 u - a ring of positive energy (right hand)
 v - a ring of see invisible (left hand)
 H - a ring of protection from fire
Wands
 g - a wand of acid (10)
 B - a wand of paralysis (10)
Scrolls
 c - a scroll of silence {unknown}
 f - a scroll of noise
 i - 2 scrolls of amnesia
 k - 3 scrolls of magic mapping
 n - a scroll of enchant weapon
 p - 3 scrolls of teleportation {unknown}
 y - a scroll of immolation
 A - a scroll of vulnerability {unknown}
 D - a scroll of holy word {unknown}
 F - a scroll of fog {unknown}
Potions
 d - a potion of might
 e - 3 potions of flight
 h - 4 potions of curing
 m - 2 potions of cancellation {unknown}
 q - 2 potions of magic
 s - a potion of mutation {unknown}
 E - a potion of degeneration {unknown}
 G - a potion of haste {unknown}


   Skills:
 + Level 7.5 Fighting
 - Level 3.0(5.5) Axes
 * Level 7.1(7.5) Polearms
 + Level 6.0 Armour
 - Level 3.0 Dodging
 - Level 3.0 Shields
 - Level 2.0 Spellcasting
 + Level 3.7 Summonings
 * Level 8.0 Invocations


You had 11 spell levels left.
You knew the following spells:

 Your Spells              Type           Power      Damage    Failure   Level
a - Call Imp              Summ           7%         N/A       11%         2

Your spell library contained the following spells:

 Spells                   Type           Power      Damage    Failure   Level
 Summon Small Mammal      Summ           28%        N/A       8%          1
 Call Canine Familiar     Summ           7%         N/A       22%         3
 Beastly Appendage        Tmut           0%         N/A       32%         1
 Corona                   Hex            0%         N/A       32%         1
 Sandblast                Erth           0%         2d4       32%         1
 Summon Guardian Golem    Hex/Summ       4%         N/A       43%         3
 Ensorcelled Hibernation  Hex/Ice        0%         N/A       45%         2
 Passwall                 Tmut/Erth      0%         N/A       45%         2
 Wereblood                Tmut           0%         N/A       45%         2
 Confusing Touch          Hex            0%         N/A       69%         3
 Dazzling Flash           Conj/Hex       0%         N/A       69%         3
 Gell's Gravitas          Tloc           0%         N/A       69%         3
 Spider Form              Tmut/Pois      0%         N/A       69%         3
 Stone Arrow              Conj/Erth      0%         3d7       69%         3
 Tukima's Dance           Hex            0%         N/A       69%         3
 Summon Ice Beast         Ice/Summ       4%         N/A       83%         4
 Summon Lightning Spire   Summ/Air       4%         N/A       83%         4
 Ice Form                 Ice/Tmut       0%         N/A       97%         4
 Petrify                  Tmut/Erth      0%         N/A       97%         4
 Hydra Form               Tmut           0%         N/A       100%        5
 Lee's Rapid Deconstruct  Erth           0%         3d5*      100%        5
 Metabolic Englaciation   Hex/Ice        0%         N/A       100%        5
 Yara's Violent Unravell  Hex/Tmut       0%         3d3       100%        5


Dungeon Overview and Level Annotations

Branches:
Dungeon (8/15)             Temple (1/1) D:6            Lair (1/6) D:8

Altars:
Cheibriados
Dithmenos
Elyvilon
Fedhas
Gozag
Kikubaaqudgha
Makhleb
Nemelex Xobeh
Okawaru
Qazlal
Ru
Sif Muna
Trog
Uskayaw
Yredelemnul
Zin
The Shining One
Jiyva

Shops:
D:2 (   D:3 ([   D:4 ?   D:5 (

Annotations:
D:6 3 runed translucent doors, Bapho's ghost, novice DrIE
D:8 3 runed translucent doors, celly00's ghost, novice GnWn


Innate Abilities, Weirdness & Mutations

You have sharp toenails.
You are completely covered in sharp spines.
You are partially covered in razor-sharp scales. (AC +1, Slay +1)
Spells you cast may paralyse adjacent enemies.


Message History

The basilisk bites you. The basilisk barely misses you. The basilisk bites you!
The four-headed hydra bites you but does no damage.
The four-headed hydra bites you.
The four-headed hydra barely misses you.
The four-headed hydra bites you! The basilisk is struck by your spines.
You kill the basilisk!
Fedhas appreciates your contribution to the ecosystem.
The four-headed hydra bites you but does no damage.
The four-headed hydra bites you! The four-headed hydra bites you.
The four-headed hydra bites you!
Your Armour skill increases to level 6!
Your Invocations skill increases to level 8!
The four-headed hydra bites you but does no damage. x2
The four-headed hydra bites you. x2
The four-headed hydra is struck by your spines.
The four-headed hydra bites you. x2
The four-headed hydra bites you but does no damage. x2
You turn to flesh and can move again.
You chop one of the four-headed hydra's heads off!
The three-headed hydra grows two more!
You slash the five-headed hydra!
The five-headed hydra is lightly wounded.
The five-headed hydra is struck by your spines.
The five-headed hydra bites you!
The five-headed hydra bites you but does no damage.
The five-headed hydra bites you!
* * * LOW HITPOINT WARNING * * *
The five-headed hydra bites you but does no damage. x2
The five-headed hydra is struck by your spines.
The five-headed hydra bites you!
* * * LOW HITPOINT WARNING * * *
The five-headed hydra bites you.
* * * LOW HITPOINT WARNING * * *
The five-headed hydra bites you but does no damage.
The five-headed hydra barely misses you.
The five-headed hydra bites you!
You die...
Fedhas appreciates your contribution to the ecosystem.

...............
...............
...............
...............
..............#
...............
......††D......
.......@..#
.........##
........##
........#
......P.P
.....P_P.
......P##
......#


You could see a five-headed hydra and a neutral oklob plant (unaware).

Vanquished Creatures
  The ghost of dln the Chucker, a novice DsGl of Fedhas (D:7)
  Psyche (D:8)
  Grinder (D:3)
  5 yaks (D:8)
  A basilisk (Lair:1)
  A steam dragon (D:5)
  2 wargs (D:8)
  2 water moccasins (D:8)
  4 orc warriors
  A hornet zombie (D:7)
  An ice beast (D:7)
  A sky beast (D:4)
  2 necrophages
  2 ogres (D:6)
  A centaur (D:7)
  A phantom (D:5)
  2 kobold brigands (D:8)
  2 bullfrogs
  A scorpion (D:5)
  A water moccasin zombie (D:6)
  2 centaur zombies (D:8)
  3 hounds
  5 orc priests
  A jelly (D:7)
  2 gnoll shamans
  3 iguanas
  Natasha (thrice) (D:4)
  7 orc wizards
  A killer bee zombie (D:6)
  2 hound skeletons
  7 gnolls
  7 adders
  2 ufetubi
  2 adder skeletons (D:4)
  3 worms
  A dart slug (D:3)
  31 orcs
  9 ball pythons
  7 endoplasms
  3 giant cockroaches
  10 goblins
  7 hobgoblins
  10 jackals
  18 kobolds
  2 quokkas
  8 bats
  3 frilled lizards
  6 rats
198 creatures vanquished.

Vanquished Creatures (collateral kills)
  An orc (D:8)
1 creature vanquished.

Grand Total: 199 creatures vanquished

Notes
Turn   | Place    | Note
-------+----------+-------------------------------------------
     0 | D:1      | Glokmah the Demonspawn Fighter began the quest for the Orb.
     0 | D:1      | Reached XP level 1. HP: 18/18 MP: 1/1
   154 | D:1      | Gained mutation: You are partially covered in sharp spines.
                  | [demonic ancestry]
   154 | D:1      | Reached XP level 2. HP: 24/24 MP: 2/2
   680 | D:2      | Gained mutation: You are mostly covered in sharp spines.
                  | [demonic ancestry]
   680 | D:2      | Reached XP level 3. HP: 16/29 MP: 3/3
   917 | D:2      | Found Nimadyxt's Weapon Boutique.
  1266 | D:2      | Gained mutation: You have sharp toenails. [demonic
                  | ancestry]
  1266 | D:2      | Reached XP level 4. HP: 35/35 MP: 4/4
  1403 | D:3      | Found Fewk's Armour Shoppe.
  1708 | D:3      | Found a shadowy altar of Dithmenos.
  1729 | D:3      | Found a faded altar of an unknown god.
  2014 | D:3      | Found Beulegh's Weapon Shoppe.
  2139 | D:3      | Noticed Grinder
  2159 | D:3      | Paralysed by Grinder for 4 turns
  2163 | D:3      | Killed Grinder
  2164 | D:3      | Reached skill level 1 in Polearms
  2164 | D:3      | Reached skill level 1 in Dodging
  2164 | D:3      | Gained mutation: You are completely covered in sharp
                  | spines. [demonic ancestry]
  2164 | D:3      | Reached XP level 5. HP: 24/43 MP: 5/5
  2164 | D:3      | Reached XP level 6. HP: 28/49 MP: 6/6
  2534 | D:4      | Noticed Natasha
  2538 | D:4      | Noticed a sky beast
  2542 | D:4      | Killed Natasha
  2549 | D:4      | Killed a sky beast
  2757 | D:4      | Found an ancient bone altar of Kikubaaqudgha.
  2783 | D:4      | Noticed Natasha
  2792 | D:4      | Killed Natasha
  2894 | D:4      | Reached skill level 5 in Fighting
  3267 | D:4      | Reached XP level 7. HP: 51/56 MP: 7/7
  3268 | D:4      | Noticed Natasha
  3274 | D:4      | Killed Natasha
  3526 | D:4      | Found Cuzomeu's Magic Scroll Boutique.
  3788 | D:5      | Entered Level 5 of the Dungeon
  3841 | D:5      | Found Gerang's Weapon Boutique.
  4165 | D:5      | Noticed a steam dragon
  4174 | D:5      | Killed a steam dragon
  4187 | D:5      | Reached XP level 8. HP: 49/64 MP: 8/8
  4281 | D:5      | Learned a level 2 spell: Call Imp
  4962 | D:6      | Found a staircase to the Ecumenical Temple.
  4970 | Temple   | Entered the Ecumenical Temple
  5056 | Temple   | Became a worshipper of Fedhas Madash
  5177 | D:6      | Found a runed translucent gate.
  5177 | D:6      | Found a runed translucent gate.
  5177 | D:6      | Found a runed translucent gate.
  5365 | D:6      | Reached skill level 1 in Invocations
  5565 | D:6      | Found a burning altar of Makhleb.
  5650 | D:6      | Reached skill level 2 in Invocations
  5721 | D:6      | Reached skill level 3 in Invocations
  5870 | D:6      | Reached skill level 5 in Polearms
  5880 | D:6      | Reached skill level 4 in Invocations
  6069 | D:6      | Found a bloodstained altar of Trog.
  6159 | D:6      | Noticed Bapho's ghost (novice DrIE)
  6414 | D:7      | Reached skill level 1 in Summonings
  6476 | D:7      | Found a large runed translucent door.
  6476 | D:7      | Found a large runed translucent door.
  6477 | D:7      | Noticed dln's ghost (novice DsGl)
  6513 | D:7      | Reached * piety under Fedhas
  6714 | D:7      | Reached skill level 5 in Armour
  6714 | D:7      | Reached skill level 1 in Spellcasting
  6946 | D:7      | Gained mutation: You are partially covered in razor-sharp
                  | scales. (AC +1, Slay +1) [demonic ancestry]
  6946 | D:7      | Reached XP level 9. HP: 25/71 MP: 12/12
  7624 | D:7      | Reached skill level 5 in Invocations
  7813 | D:7      | Killed dln's ghost
  8027 | D:8      | Reached skill level 6 in Invocations
  8311 | D:8      | Reached ** piety under Fedhas
  8316 | D:8      | Noticed Psyche
  8326 | D:8      | Killed Psyche
  8537 | D:8      | Found a staircase to the Lair.
  8561 | D:8      | Found a runed translucent gate.
  8563 | D:8      | Found a runed translucent gate.
  8565 | D:8      | Found a runed translucent gate.
  8566 | D:8      | Noticed celly00's ghost (novice GnWn)
  8568 | D:8      | Found a viscous altar of Jiyva.
  8689 | D:8      | Reached skill level 7 in Invocations
  9006 | D:8      | Gained mutation: Spells you cast may paralyse adjacent
                  | enemies. [demonic ancestry]
  9006 | D:8      | Reached XP level 10. HP: 61/79 MP: 15/15
  9337 | Lair:1   | Entered Level 1 of the Lair of Beasts
  9337 | Lair:1   | Found a hide-covered altar of Uskayaw.
  9337 | Lair:1   | Noticed an oklob plant
  9715 | Lair:1   | Noticed a four-headed hydra
  9723 | Lair:1   | Reached skill level 8 in Invocations
  9726 | Lair:1   | Mangled by a five-headed hydra

Illustrated notes

Levels and vault maps discovered:
D:1:      dpeg_arrival_rooms_c, layout_basic
D:2:      layout_basic, serial_shops,
          nicolae_shop_temple_entry_statues_fountains
D:3:      layout_loops_cross, general_overflow_altar,
          shapermc_ecumenical_altar_venn, serial_shops, nicolae_shop_trees,
          shop_fountains, uniq_grinder
D:4:      minmay_general_purpose_star, layout_basic,
          nicolae_overflow_crystal_walls, serial_shops, shop,
          minmay_diced_spiral, uniq_natasha
D:5:      layout_basic, serial_shops, shop, kennysheep_generic_room_9
D:6:      layout_loops_ring, trog_hazing_becter, makhleb_heckhound_becter,
          minmay_temple_entry_overgrown, gammafunk_ghost_icy,
          hangedman_abyss_or_decor_jellyfish_corner
D:7:      layout_loops_ring, ebering_ghost_disaster_area
D:8:      layout_loops_corners, erik_lair_orcish_takeover,
          gammafunk_ghost_endoplasm, st_stairs_2, uniq_psyche
Temple:   nicolae_temple_x_marks_the_god
Lair:1:   layout_cave_pods, lemuel_oklob_altar, grunt_megastairs_5,
          lemuel_fruit_fields, minmay_lair_oklob_chamber

Skill      XL: |  1  2  3  4  5  6  7  8  9 10 |
---------------+-------------------------------+-----
Axes           | 2 3 |  3.0
Armour         | 3 4 5 6 |  6.0
Shields        | 3 |  3.0
Fighting       | 4 5 6 7 |  7.5
Polearms       | 1 2 4 5 6 7 |  7.1
Dodging        | 1 2 3 |  3.0
Invocations    | 4 7 8 |  8.0
Summonings     | 1 3 |  3.7
Spellcasting   | 1 2 |  2.0

Action                   |  1- 3 |  4- 6 |  7- 9 | 10-12 || total
-------------------------+-------+-------+-------+-------++-------
Melee: War axe           |    76 |    56 |       |       ||   132
       Trident           |       |    60 |   181 |       ||   241
       Halberd           |       |       |   136 |    25 ||   161
 Cast: Call Imp          |       |       |     8 |       ||     8
  Use: Scroll            |       |       |     9 |       ||     9
 Stab: Sleeping          |       |       |     3 |       ||     3
       Distracted        |       |       |     1 |       ||     1
Armor: Scale mail        |    30 |    36 |    21 |       ||    87
       Steam dragon scal |       |       |    63 |    26 ||    89
Dodge: Dodged            |    15 |    18 |   109 |    19 ||   161
Block: Kite shield       |    48 |    50 |    41 |       ||   139

Table legend: (Time is in decaauts)
 A = Elapsed time spent in this place.
 B = Non-inter-level travel time spent in this place.
 C = Inter-level travel time spent in this place.
 D = Time resting spent in this place.
 E = Time spent auto-exploring this place.
 F = Levels seen in this place.
 G = Mean time per level.
                   A        B        C        D        E       F      G
               +--------+--------+--------+--------+--------+-----+--------+
         Total |   9915 |   9320 |    595 |    971 |   6482 |  10 |  991.5 |
       Dungeon |   9790 |   9195 |    595 |    971 |   6433 |   8 | 1223.8 |
        Temple |     93 |     93 |      0 |      0 |     49 |   1 |   93.0 |
          Lair |     31 |     31 |      0 |      0 |      0 |   1 |   31.0 |
               +--------+--------+--------+--------+--------+-----+--------+

Top non-repeatable levels by time:
     D:8: 1815 daAuts
     D:7: 1554 daAuts
     D:6: 1352 daAuts
     D:4: 1344 daAuts
     D:5: 1116 daAuts
     D:3: 1040 daAuts
     D:2: 875 daAuts
     D:1: 691 daAuts
  Temple: 93 daAuts
  Lair:1: 31 daAuts
